 Dungeon Crawl Stone Soup version 0.18-a0-1372-gd644665 (webtiles) character file.

102 M4edhros the Sneak (level 4, -4/31 HPs)
             Began as an Octopode Monk on Feb 21, 2016.
             Slain by Grinder (7 damage)
             ... on level 3 of the Dungeon.
             The game lasted 00:02:04 (2240 turns).

M4edhros the Sneak (Octopode Monk)                  Turns: 2240, Time: 00:02:04

Health: -4/31      AC:  1    Str: 10    XL:     4   Next: 77%
Magic:  4/4        EV: 13    Int: 12    God:
Gold:   185        SH:  0    Dex: 15    Spells: 0 memorised, 3 levels left

rFire  . . .     SeeInvis .     r - +1 trident (venom)
rCold  . . .     Gourm    .     (no shield)
rNeg   . . .     Faith    .     (helmet restricted)
rPois  .         Spirit   .     (no amulet)
rElec  .         Dismiss  .     (no ring)
rCorr  .         Reflect  .     (no ring)
SustAt .         Harm     .     (no ring)
MR     .....                    (no ring)
Stlth  ++++......               (no ring)
                                (no ring)
                                (no ring)
                                (no ring)

@: flying, not resistant to hostile enchantments, stealthy
A: almost no armour, amphibious, 8 rings, constrict 8, camouflage 1, wild magic
1, gelatinous body 1
a: no special abilities


You were on level 3 of the Dungeon.
You were hungry.

You visited 1 branch of the dungeon, and saw 3 of its levels.

You collected 185 gold pieces.

Inventory:

Hand Weapons
 r - a +1 trident of venom (weapon)
Scrolls
 c - 3 scrolls of recharging {unknown}
 e - 5 scrolls of identify {unknown}
 f - 2 scrolls of magic mapping {unknown}
 h - a scroll of enchant armour {unknown}
 i - a scroll of amnesia {unknown}
 j - a scroll of fog {unknown}
 k - a scroll of blinking {unknown}
 n - a scroll of remove curse {unknown}
Potions
 g - a potion of degeneration {unknown}
 m - a potion of flight
 o - a potion of brilliance {unknown}
 q - a potion of might {unknown}
Comestibles
 a - 2 bread rations
 b - 4 meat rations
 d - a beef jerky


   Skills:
 - Level 3.0 Fighting
 - Level 3.0 Dodging
 + Level 5.4 Stealth
 + Level 4.9 Unarmed Combat


You had 3 spell levels left.
You didn't know any spells.

Dungeon Overview and Level Annotations

Branches:
Dungeon (3/15)

Altars:

Annotations:
D:3 Grinder


Innate Abilities, Weirdness & Mutations

You cannot wear most types of armour.
You are amphibious.
You can wear up to eight rings at the same time.
You can use your tentacles to constrict eight enemies at once.
Your skin changes colour to match your surroundings (Stealth).
Your rubbery body absorbs attacks (AC +1).
Your spells are a little harder to cast, but a little more powerful.


Message History

Pain shoots through your body!
Drink which item? (? for menu, Esc to quit)
You feel better.
You constrict Grinder. Grinder hits you!
* * * LOW HITPOINT WARNING * * *
Drink which item? (? for menu, Esc to quit)
You feel better.
You constrict Grinder. Grinder gestures at you.
You resist with significant effort.
Drink which item? (? for menu, Esc to quit)
It was a potion of flight.
You feel very buoyant.
You fly up into the air.
You constrict Grinder. Grinder hits you!
* * * LOW HITPOINT WARNING * * *
You writhe in agony.
* * * LOW HITPOINT WARNING * * *
Drink which item? (? for menu, Esc to quit)
It was a potion of beneficial mutation.
You feel less in control of your magic.
You feel fantastic!
You constrict Grinder. Grinder hits you!
You die...

......# ......# #.# ......+
# #+# #.# ......###.# #..
#.# ........#.# ..# #.#
..........# # .. #.#
..........###.#.##.#
................5#.#
.........#######@#.#
.........### #....#
............###....##.#
.........##.##.........#
.........##.##.........#
.........##.##.........#
..##.####......###.##.##...#
#.##.####......# #.........#
#.##...........#
#).#.##...##


You could see Grinder.

Vanquished Creatures
  Terence (D:3)
  An ooze (D:2)
  2 worms
  4 ball pythons
  7 bats
  3 giant cockroaches
  5 goblins
  11 hobgoblins
  11 jackals
  3 giant newts
  6 kobolds
  5 rats
59 creatures vanquished.

Notes
Turn   | Place    | Note
--------------------------------------------------------------
     0 | D:1      | M4edhros the Octopode Monk began the quest for the Orb.
     0 | D:1      | Reached XP level 1. HP: 16/16 MP: 1/1
   126 | D:1      | Reached XP level 2. HP: 11/21 MP: 2/2
   812 | D:1      | Reached XP level 3. HP: 23/26 MP: 3/3
  1302 | D:2      | Reached XP level 4. HP: 20/31 MP: 4/4
  1562 | D:2      | Reached skill level 5 in Stealth
  1959 | D:3      | Noticed Terence
  1978 | D:3      | Killed Terence
  2231 | D:3      | Noticed Grinder
  2240 | D:3      | Gained mutation: Your spells are a little harder to cast, but a little more powerful. [potion of beneficial mutation]
  2240 | D:3      | Slain by Grinder

Vault maps used:
D:1:      scummos_arrival_forest
D:3:      uniq_terence, uniq_grinder

Action                   |  1- 3 |  4- 6 || total
-------------------------+-------+-------++-------
Melee: Unarmed           |    77 |    34 ||   111
       Trident           |       |     5 ||     5
  Use: Potion            |       |     5 ||     5
 Stab: Sleeping          |    18 |     3 ||    21
  Eat: Chunk             |     1 |     1 ||     2
       Pizza             |       |     1 ||     1
